 Dungeon Crawl Stone Soup version 0.27.0-1-g7a089689b8 (webtiles) character file.

Game seed: 8627280182552049219

175 JBAR the Covert (level 5, 0/31 HPs)
             Began as a Kobold Brigand on Aug 9, 2021.
             Slain by a phantom (8 damage)
             ... on level 4 of the Dungeon.
             The game lasted 00:07:16 (2671 turns).

JBAR the Covert (Kobold Brigand)                    Turns: 2671, Time: 00:07:17

Health: 0/31       AC:  5    Str:  8    XL:     5   Next: 85%
Magic:  5/5        EV: 14    Int: 13    God:
Gold:   175        SH:  0    Dex: 17    Spells: 4/4 levels left

rFire    . . .     SeeInvis .   i - +1 dagger (drain)
rCold    . . .     Faith    .   (shield restricted)
rNeg     . . .     Spirit   .   m - +0 leather armour
rPois    .         Reflect  .   h - +0 helmet
rElec    .         Harm     .   c - +0 cloak
rCorr    .         Rampage  .   (no gloves)
Will     .....                  (no boots)
Stlth    +++++.....             (no amulet)
HPRegen  0.10/turn              (no ring)
MPRegen  0.09/turn              (no ring)

@: no status effects
A: small, no large weapons, nightstalker 3
a: no special abilities


You were on level 4 of the Dungeon.
You visited 1 branch of the dungeon, and saw 4 of its levels.

You collected 175 gold pieces.

Inventory:

Hand Weapons
 a - a +2 dagger
 i - a +1 dagger of draining (weapon)
 l - a +0 dagger of venom
Missiles
 d - 8 poisoned darts (quivered)
 e - 2 curare-tipped darts
Armour
 c - a +0 cloak (worn)
 h - a +0 helmet (worn)
 m - a +0 leather armour (worn)
Jewellery
 s - a ring of wizardry
Scrolls
 b - 3 scrolls of fear
 j - 2 scrolls of teleportation
 n - a scroll of identify {unknown}
 p - a scroll of enchant weapon {unknown}
Potions
 k - a potion of mutation {unknown}
 o - 3 potions of lignification {unknown}
 q - a potion of curing {unknown}
 r - a potion of haste {unknown}


   Skills:
 + Level 2.4 Fighting
 * Level 4.0 Short Blades
 - Level 2.1 Throwing
 + Level 2.3 Dodging
 * Level 8.0 Stealth


You had 4 spell levels left.
You didn't know any spells.
Your spell library was empty.

Dungeon Overview and Level Annotations

Branches:
Dungeon (4/15)
 Temple: D:4-7

Altars:
Gozag

Shops:
D:1 *


Innate Abilities, Weirdness & Mutations

You are small and have problems with some larger weapons.
You are completely attuned to the shadows.


Message History

You closely miss the phantom.
The phantom is moderately damaged.
The phantom hits you.
You closely miss the phantom.
The phantom is moderately damaged.
The phantom hits you.
The phantom blinks!
You blink.
You miss the phantom.
The phantom is moderately damaged.
The phantom hits you but does no damage.
You closely miss the phantom.
The phantom is moderately damaged.
The phantom closely misses you.
You hit the phantom.
The phantom is moderately damaged.
You hit the phantom.
The phantom is moderately damaged.
The phantom hits you but does no damage.
You completely miss the phantom.
The phantom is moderately damaged.
The phantom completely misses you.
You closely miss the phantom.
The phantom is moderately damaged.
The phantom hits you.
You closely miss the phantom.
The phantom is moderately damaged.
The phantom misses you.
You hit the phantom.
The phantom is heavily damaged.
You barely miss the phantom.
The phantom is heavily damaged.
The phantom closely misses you.
You closely miss the phantom.
The phantom is heavily damaged.
The phantom hits you.
* * * LOW HITPOINT WARNING * * *
The phantom blinks!
You blink.
You closely miss the phantom.
The phantom is heavily damaged.
The phantom hits you!
You die...

#############
#.....§.....#
#....§..##..##
#.......#.@..########
...........W.........#
##.......#.)).######.#
#.......##.###
#.####### #......§##.#
#.......# #########.#
#..####.# #..# #.#
#..####)# #....)<..


You could see a phantom.

Vanquished Creatures
  An orc wizard (D:4)
  Jessica (D:2)
  2 adders (D:3)
  A worm (D:3)
  3 dart slugs
  7 orcs
  8 ball pythons
  2 endoplasms
  5 giant cockroaches
  7 goblins
  7 hobgoblins
  8 jackals (D:1)
  9 kobolds
  3 quokkas
  9 bats
  2 frilled lizards
  2 rats (D:1)
77 creatures vanquished.

Notes
Turn   | Place    | Note
-------+----------+-------------------------------------------
     0 | D:1      | JBAR the Kobold Brigand began the quest for the Orb.
     0 | D:1      | Reached XP level 1. HP: 12/12 MP: 1/1
    92 | D:1      | Reached XP level 2. HP: 11/18 MP: 2/2
   387 | D:1      | Reached skill level 6 in Stealth
   575 | D:1      | Reached XP level 3. HP: 21/22 MP: 3/3
   611 | D:1      | Found Xilef's General Store.
  1209 | D:2      | Noticed Jessica
  1213 | D:2      | Killed Jessica
  1214 | D:2      | Reached skill level 7 in Stealth
  1214 | D:2      | Reached XP level 4. HP: 27/27 MP: 4/4
  1504 | D:2      | Found an opulent altar of Gozag.
  1801 | D:2      | Found a faded altar of an unknown god.
  1994 | D:3      | Reached XP level 5. HP: 31/31 MP: 5/5
  2606 | D:4      | Reached skill level 8 in Stealth
  2628 | D:4      | Noticed a phantom
  2671 | D:4      | Slain by a phantom

Illustrated notes

Levels and vault maps discovered:
D:1:      dpeg_arrival_morbid_curiosity, layout_rooms, serial_shops, shop
D:2:      layout_rooms, basic_altar, shapermc_ecumenical_altar_notcrosses,
          uniq_jessica
D:3:      layout_rooms
D:4:      layout_loops_corners, minmay_misc_feat_more_columns

Skill      XL: |  1  2  3  4  5 |
---------------+----------------+-----
Stealth        | 6 7 8 |  8.0
Short Blades   | 3 4 |  4.0
Dodging        | 2 |  2.3
Fighting       | |  2.4
Throwing       | |  2.1

Action                   |  1- 3 |  4- 6 || total
-------------------------+-------+-------++-------
Melee: Dagger            |   130 |   148 ||   278
  Use: Scroll            |     2 |     3 ||     5
       Potion            |       |     2 ||     2
 Stab: Sleeping          |    11 |    18 ||    29
Armor: Robe              |    29 |     6 ||    35
       Leather armour    |       |    16 ||    16
Dodge: Dodged            |    89 |    86 ||   175
